 Dungeon Crawl Stone Soup version 0.27.1-3-gb3d3a73c9e (webtiles) character file.

Game seed: 3733381423377053283

237 MrBoozer the Conjurer (level 6, -9/38 HPs)
             Began as an Octopode Conjurer on Oct 11, 2021.
             Was an Initiate of Vehumet.
             Mangled by a hornet (14 damage)
             ... while paralysed by a hornet
             ... on level 4 of the Dungeon.
             The game lasted 00:19:04 (3507 turns).

MrBoozer the Conjurer (Octopode Conjurer)           Turns: 3507, Time: 00:19:05

Health: -9/38      AC:  3    Str:  6    XL:     6   Next: 6%
Magic:  2/10       EV:  2    Int: 22    God:    Vehumet [......]
Gold:   142        SH:  0    Dex: 11    Spells: 4/11 levels left

rFire    . . .     SeeInvis .   g - +1 dagger (venom)
rCold    . . .     Faith    .   (no shield)
rNeg     . . .     Spirit   .   f - +2 hat
rPois    .         Reflect  .   (no amulet)
rElec    .         Harm     .   m - ring of wizardry
rCorr    .         Rampage  .   n - +4 ring of slaying
Will     .....                  (no ring)
Stlth    +++.......             (no ring)
HPRegen  0.12/turn              (no ring)
MPRegen  0.12/turn              (no ring)
                                (no ring)
                                (no ring)

@: paralysed
A: almost no armour, amphibious, 8 rings, camouflage 1, gelatinous body 1,
(nimble swimmer 1), tentacles
a: Renounce Religion


You were on level 4 of the Dungeon.
You worshipped Vehumet.
Vehumet was noncommittal.
You visited 1 branch of the dungeon, and saw 4 of its levels.

You collected 142 gold pieces.

Inventory:

Hand Weapons
 g - a +1 dagger of venom (weapon)
Armour
 f - a +2 hat (worn)
Jewellery
 m - a ring of wizardry (left tentacle)
 n - a +4 ring of slaying (right tentacle)
Wands
 a - a wand of flame (20)
 j - a wand of polymorph (10)
Scrolls
 b - a scroll of summoning {unknown}
 c - 4 scrolls of identify
 d - 2 scrolls of enchant armour {unknown}
 o - a scroll of immolation {unknown}
 q - a scroll of torment {unknown}
Potions
 e - a potion of attraction
 h - 2 potions of heal wounds
 k - a potion of magic {unknown}
 l - a potion of degeneration {unknown}
 p - a potion of brilliance {unknown}


   Skills:
 - Level 1.1 Fighting
 * Level 1.4 Short Blades
 + Level 2.4 Dodging
 + Level 3.4 Stealth
 * Level 3.2 Spellcasting
 + Level 5.4 Conjurations
 * Level 1.0 Hexes


You had 4 spell levels left.
You knew the following spells:

 Your Spells              Type           Power      Damage    Failure   Level
a - Magic Dart            Conj           100%       1d8       1%          1
b - Searing Ray           Conj           54%        3d5       1%          2
c - Fulminant Prism       Conj/Hex       8%         3d7       13%         4

Your spell library contained the following spells:

 Spells                   Type           Power      Damage    Failure   Level
 Dazzling Flash           Conj/Hex       34%        N/A       4%          3
 Sublimation of Blood     Necr           1%         N/A       8%          2
 Iskenderun's Mystic Bla  Conj/Tloc      15%        2d5       16%         4
 Petrify                  Tmut/Erth      3%         N/A       43%         4
 Irradiate                Conj/Tmut      7%         3d15      38%         5


Dungeon Overview and Level Annotations

Branches:
Dungeon (4/15)
 Temple: D:4-7

Altars:
Nemelex Xobeh
Vehumet

Shops:
D:1 [


Innate Abilities, Weirdness & Mutations

You cannot wear most types of armour.
You are amphibious.
You can wear up to eight rings at the same time.
Your skin changes colour to match your surroundings (Stealth+).
Your rubbery body absorbs attacks. (AC +1, EV +1)
((You are camouflaged near water. (Stealth+)))
You have tentacles for arms and can constrict up to eight enemies at once.


Message History

The searing ray hits the hornet.
The hornet is lightly wounded.
The hornet buzzes angrily. (Press . to maintain the ray.)
The hornet barely misses you.
The searing ray hits the hornet!
The hornet is moderately wounded.
You hear an angry hiss.
The hornet stings you but does no damage.
A ball python comes into view.
The searing ray hits the hornet.
The hornet is heavily wounded.
The hornet stings you but does no damage.
The hornet stings you.
You feel yourself slow down.
The searing ray hits the hornet!
The hornet is severely wounded.
The searing ray hits the ball python!
You kill the ball python!
Vehumet accepts your kill.
You finish channeling your searing ray.
The hornet completely misses you. The hornet closely misses you.
Casting: Searing Ray (safe; 1% risk of failure)
Confirm with . or Enter, or press ? or * to list all spells.
Aiming: Searing Ray (safe; 1% risk of failure)
Press: ? - help, Shift-Dir - straight line, f/p - hornet
Aim: a hornet (severely wounded, 69% to hit)
The searing ray hits the hornet.
The hornet is almost dead. (Press . to maintain the ray.)
You feel yourself speed up. The hornet misses you. The hornet stings you!
You feel yourself slow down.
The searing ray misses the hornet.
You feel yourself speed up. The hornet barely misses you. x2
The searing ray hits the hornet.
The hornet is almost dead.
The hornet stings you!
* * * LOW HITPOINT WARNING * * *
You suddenly lose the ability to move!
The hornet stings you!
You die...

#J.. #..# ##⌠.⌠###.#
#.[# .. #.._.....###...
.....⌠.⌠...>. ...#
...###....... ..#
#..........#####.#
........<.......@#
#.........#####.y#..##
#.........'.....†......
#.........#############
...............
.#####.######## ..# #.#
#.# #.# #)## #.#


You could see a hornet and a jelly (asleep).

Vanquished Creatures
  Menkaure (D:4)
  Crazy Yiuf (D:2)
  3 adders
  2 dart slugs
  10 ball pythons
  6 endoplasms
  A giant cockroach (D:2)
  6 goblins
  3 hobgoblins
  4 jackals
  3 kobolds
  3 quokkas
  2 bats (D:2)
  3 frilled lizards
  7 rats
55 creatures vanquished.

Notes
Turn   | Place    | Note
-------+----------+-------------------------------------------
     0 | D:1      | MrBoozer the Octopode Conjurer began the quest for the Orb.
     0 | D:1      | Reached XP level 1. HP: 11/11 MP: 3/3
   425 | D:1      | Reached XP level 2. HP: 17/17 MP: 1/5
   502 | D:1      | Found a faded altar of an unknown god.
   784 | D:1      | Found Saf Gox's Armour Boutique.
  1346 | D:2      | Reached XP level 3. HP: 21/21 MP: 1/6
  1582 | D:2      | Found a runed translucent door.
  1583 | D:2      | Noticed Crazy Yiuf
  1664 | D:2      | Learned a level 2 spell: Searing Ray
  1782 | D:2      | Killed Crazy Yiuf
  1783 | D:2      | Reached skill level 5 in Conjurations
  1783 | D:2      | Reached XP level 4. HP: 13/27 MP: 1/7
  2698 | D:3      | Reached skill level 1 in Fighting
  3225 | D:4      | Found a radiant altar of Vehumet.
  3281 | D:4      | Became a worshipper of Vehumet
  3287 | D:4      | Learned a level 4 spell: Fulminant Prism
  3329 | D:4      | Noticed Menkaure
  3339 | D:4      | Reached skill level 1 in Short Blades
  3341 | D:4      | Reached XP level 5. HP: 33/33 MP: 9/9
  3344 | D:4      | Killed Menkaure
  3345 | D:4      | Reached skill level 1 in Hexes
  3345 | D:4      | Reached XP level 6. HP: 21/38 MP: 4/10
  3490 | D:4      | Found a sparkling altar of Nemelex Xobeh.
  3500 | D:4      | Noticed a hornet
  3507 | D:4      | Paralysed by a hornet for 2 turns
  3507 | D:4      | Mangled by a hornet

Illustrated notes

Levels and vault maps discovered:
D:1:      dpeg_arrival_water_temple_mockup, layout_loops_ring, serial_shops,
          nicolae_square_shop, hellmonk_ecumenical_altar_run_dry,
          grunt_decor_clamped, chequers_serial_rivers_micro_c,
          kennysheep_pointless_box
D:2:      layout_rooms, uniq_crazy_yiuf_cottage
D:3:      layout_loops_cross, serial_co_window_serial, co_window_paths_a,
          co_window_of_opportunity_a, co_window_of_opportunity_a,
          co_window_corner_a, co_window_paths_a, co_window_corner_a,
          co_window_broadway_b, co_window_corner_cb, co_window_unsneaky_path_e,
          co_window_of_opportunity_b, co_window_corner_ca, glass_columns_b
D:4:      layout_basic, nemelex_xobeh_ov_fountains_minmay,
          vehumet_altar_wand_db, uniq_menkaure

Skill      XL: |  1  2  3  4  5 |
---------------+----------------+-----
Conjurations   | 5 |  5.4
Fighting       | 1 |  1.1
Short Blades   | 1 |  1.4
Stealth        | 3 |  3.4
Spellcasting   | 3 |  3.2
Hexes          | 1 |  1.0
Dodging        | |  2.4

Action                   |  1- 3 |  4- 6 || total
-------------------------+-------+-------++-------
Melee: Dagger            |    11 |     8 ||    19
       Constrict         |     2 |     2 ||     4
       Tentacles         |     1 |     1 ||     2
 Cast: Magic Dart        |    45 |    23 ||    68
       Searing Ray       |     1 |     6 ||     7
  Use: Scroll            |       |     5 ||     5
 Stab: Sleeping          |       |     2 ||     2
Armor: Skin              |     3 |     3 ||     6
Dodge: Dodged            |    11 |     8 ||    19
